 Dungeon Crawl Stone Soup version 0.23-a0-32-g1388f29 (webtiles) character file.

112 kae the Skirmisher (level 4, -2/42 HPs)
             Began as a Naga Abyssal Knight on Aug 4, 2018.
             Was a Believer of Lugonu.
             Slain by Crazy Yiuf
             ... wielding a +3 quarterstaff of chaos
              (7 damage)
             ... on level 2 of the Dungeon.
             The game lasted 00:02:17 (2300 turns).

kae the Skirmisher (Naga Abyssal Knight)            Turns: 2300, Time: 00:02:18

Health: -2/42      AC:  4    Str: 16    XL:     4   Next: 95%
Magic:  6/6        EV:  8    Int: 12    God:    Lugonu [**....]
Gold:   107        SH:  3    Dex: 10    Spells: 3/3 levels left

rFire    . . .     SeeInvis +   a - +1 spear
rCold    . . .     Gourm    .   d - +0 buckler
rNeg     + . .     Faith    .   b - +1 leather armour
rPois    +         Spirit   .   (no helmet)
rElec    .         Reflect  .   (no cloak)
rCorr    .         Harm     .   (no gloves)
MR       .....                  (no barding)
Stlth    +.........             (no amulet)
HPRegen  0.14/turn              f - ring of positive energy
MPRegen  0.10/turn              (no ring)

@: very slow
A: large, see invisible, deformed body, poison resistance, slowness 2, slow
metabolism 1, spit poison 1, AC +1
a: Spit Poison, Depart the Abyss, Bend Space, Renounce Religion


You were on level 2 of the Dungeon.
You worshipped Lugonu.
Lugonu was pleased with you.
You were hungry.

You visited 1 branch of the dungeon, and saw 2 of its levels.
You visited the Abyss 1 time.

You collected 107 gold pieces.

Inventory:

Hand Weapons
 a - a +1 spear (weapon)
Armour
 b - a +1 leather armour (worn)
 d - a +0 buckler (worn)
Jewellery
 f - a ring of positive energy (left hand)
 h - a cursed ring of teleportation
 j - an uncursed ring of magical power {unknown}
Potions
 g - a potion of degeneration {unknown}
Comestibles
 c - 2 rations


   Skills:
 + Level 3.5 Fighting
 * Level 3.3 Polearms
 + Level 2.2 Armour
 - Level 1.0 Dodging
 + Level 0.5 Shields
 + Level 2.8 Invocations


You had 3 spell levels left.
You didn't know any spells.
Your spell library was empty.

Dungeon Overview and Level Annotations

Branches:
Dungeon (2/15)

Altars:
Yredelemnul

Annotations:
D:2 Crazy Yiuf


Innate Abilities, Weirdness & Mutations

You cannot wear boots.
Your serpentine skin is tough. (AC +1)
You have supernaturally acute eyesight. (SInv)
Armour fits poorly on your strangely shaped body.
Your system is resistant to poisons. (rPois)
You cover ground very slowly.
You have a slow metabolism.
You can spit poison.


Message History

You hit Crazy Yiuf but do no damage.
Crazy Yiuf hits you with a quarterstaff of chaos.
Crazy Yiuf freezes you.
You barely miss Crazy Yiuf. You hit Crazy Yiuf.
Crazy Yiuf is moderately wounded.
You have got your breath back.
Crazy Yiuf hits you with a quarterstaff of chaos.
You hit Crazy Yiuf.
Crazy Yiuf is moderately wounded.
Crazy Yiuf twirls on the spot.
Crazy Yiuf hits you with a quarterstaff of chaos.
You are electrocuted!
* * * LOW HITPOINT WARNING * * *
You hit Crazy Yiuf.
Crazy Yiuf is heavily wounded.
Crazy Yiuf misses you.
It was a potion of magic.
Magic courses through your body.
Crazy Yiuf hits you with a quarterstaff of chaos!
You die...

#
#....###.....######
# ##..## #####.# #
♣P.♣P♣ #.# # ♣♣.P.♣
#.###### # ♣♣.♣♣
#.......
############ ♣♣.♣
########
...........# ♣.♣♣
############ ♣♣.♣
♣@♣♣ #g# ... #...#
#)..# #####


You could see Crazy Yiuf.

Vanquished Creatures
  4 adders (D:2)
  2 oozes (D:1)
  A worm (D:2)
  4 dart slugs
  A leopard gecko (D:2)
  4 giant cockroaches
  6 goblins
  4 hobgoblins
  6 jackals
  7 kobolds
  A quokka (D:2)
  5 bats
  3 frilled lizards
  8 rats
  2 fungi (D:2)
58 creatures vanquished.

Notes
Turn   | Place    | Note
-------+----------+-------------------------------------------
     0 | Abyss:1  | kae the Naga Abyssal Knight began the quest for the Orb.
     0 | Abyss:1  | Reached XP level 1. HP: 21/21 MP: 2/2
    37 | Abyss:1  | Noticed a thrashing horror
    38 | D:1      | Escaped the Abyss
   218 | D:1      | Reached skill level 1 in Dodging
   218 | D:1      | Reached XP level 2. HP: 8/28 MP: 3/3
   619 | D:1      | Reached * piety under Lugonu
   698 | D:1      | Reached XP level 3. HP: 23/34 MP: 4/4
  1463 | D:2      | Reached XP level 4. HP: 37/42 MP: 5/5
  1467 | D:2      | Reached ** piety under Lugonu
  1630 | D:2      | Found a basalt altar of Yredelemnul.
  2286 | D:2      | Found a runed door.
  2290 | D:2      | Noticed Crazy Yiuf
  2300 | D:2      | Slain by Crazy Yiuf

Vault maps used:
D:1:      eino_arrival_water_star, patterned_corridor
D:2:      yredelemnul_altar_generic, uniq_crazy_yiuf_cottage

Skill      XL: |  1  2  3  4 |
---------------+-------------+-----
Dodging        | 1 |  1.0
Armour         | 2 |  2.2
Polearms       | 3 |  3.3
Fighting       | |  3.5
Shields        | |  0.5
Invocations    | |  2.8

Action                   |  1- 3 |  4- 6 || total
-------------------------+-------+-------++-------
Melee: Spear             |   121 |    94 ||   215
Invok: Depart the Abyss  |     1 |       ||     1
 Abil: Spit Poison       |     2 |     4 ||     6
  Use: Scroll            |     5 |       ||     5
       Potion            |       |     1 ||     1
  Eat: Chunk             |     1 |     2 ||     3
Armor: Leather armour    |    29 |    18 ||    47
Dodge: Dodged            |    46 |    15 ||    61
Block: Buckler           |       |     6 ||     6

Table legend:
 A = Spawn XP
 B = Non-spawn XP
 C = Spawn XP percentage of total XP
 D = Spawn monster count
 E = Non-spawn monster count
 F = Spawn count percentage of total count
 G = Total turns spent on level
                    A         B        C        D         E        F      G
               +---------+---------+-------+---------+---------+-------+---------
         Total |       0 |     161 |   0.0 |       0 |      56 |   0.0 |  2300
               +---------+---------+-------+---------+---------+-------+---------
           D:1 |       0 |      68 |   0.0 |       0 |      32 |   0.0 |  1312
           D:2 |       0 |      93 |   0.0 |       0 |      24 |   0.0 |   950
               +---------+---------+-------+---------+---------+-------+---------
